 Dungeon Crawl Stone Soup version 0.31-a0-996-g3b49de5836 (webtiles) character file.

Game seed: 11465514455736832568

4 Nedwor the Cudgeller (level 1, 0/18 HPs)
             Began as a Minotaur Gladiator on Nov 7, 2023.
             Slain by a hobgoblin (2 damage)
             ... on level 1 of the Dungeon.
             The game lasted 00:00:20 (46 turns).

Nedwor the Cudgeller (Minotaur Gladiator)             Turns: 46, Time: 00:00:21

Health: 0/18       AC:  3    Str: 18    XL:     1   Next: 58%
Magic:  0/0        EV: 12    Int:  5    God:
Gold:   0          SH:  0    Dex: 11    Spells: 0/0 levels left

rFire   . . .        a - +0 flail
rCold   . . .        (no shield)
rNeg    . . .        b - +0 leather armour
rPois   .            c - +0 hat
rElec   .            (no cloak)
rCorr   .            (no gloves)
SInv    .            (no boots)
Will    .....        (no amulet)
Stlth   +            (no ring)
HPRegen 0.23/turn    (no ring)
MPRegen 0.07/turn

%: no passive effects
@: no status effects
A: horns 2, retaliatory headbutt
a: no special abilities


You were on level 1 of the Dungeon.
You visited 1 branch of the dungeon, and saw 1 of its levels.

Inventory:

Hand Weapons
 a - a +0 flail (weapon)
Missiles
 d - 3 throwing nets (quivered)
 e - a javelin
Armour
 b - a +0 leather armour (worn)
 c - a +0 hat (worn)
 f - a +0 pair of boots


   Skills:
 + Level 2.5 Fighting
 * Level 3.8 Maces & Flails
 - Level 2.0 Throwing
 + Level 0.4 Armour
 - Level 3.2 Dodging


You couldn't memorise any spells.
You didn't know any spells.
Your spell library contained the following spells:

 Spells                   Type           Power      Damage    Failure   Level
 Kiss of Death            Conj/Necr      0%         2d5       54%         1
 Scorch                   Fire           0%         2d5       67%         2
 Confusing Touch          Hex            0%         N/A       88%         3
 Dispel Undead            Necr           0%         3d6       99%         4
 Flame Wave               Conj/Fire      0%         2d4       99%         4
 Summon Cactus Giant      Summ           0%         N/A       100%        6


Dungeon Overview and Level Annotations

Branches:
Dungeon (1/15)

Altars:


Innate Abilities, Weirdness & Mutations

You have a pair of horns on your head.
You reflexively headbutt those who attack you in melee.


Message History

You are too injured to fight recklessly!
The endoplasm attacks as it pursues you!
The endoplasm hits you but does no damage.
You see here a frilled lizard corpse.
The goblin attacks as it pursues you! The goblin hits you but does no damage.
The goblin hits you with a +0 dagger. The goblin hits you but does no damage.
You miss the goblin.
The goblin is moderately wounded.
The goblin hits you with a +0 dagger.
You closely miss the goblin.
The goblin is moderately wounded.
The goblin hits you with a +0 dagger.
* * * LOW HITPOINT WARNING * * *
The endoplasm barely misses you. You furiously retaliate!
You headbutt the endoplasm, but do no damage.
You hit the goblin.
You kill the goblin!
The endoplasm freezes you.
You are frozen.
* * * LOW HITPOINT WARNING * * *
You hit the rat.
You kill the rat!
The endoplasm misses you. You furiously retaliate!
You headbutt the endoplasm!
You kill the endoplasm!
The frilled lizard barely misses you.
You barely miss the frilled lizard.
The frilled lizard bites you but does no damage.
You closely miss the frilled lizard. The frilled lizard closely misses you.
The rat bites you.
* * * LOW HITPOINT WARNING * * *
You closely miss the frilled lizard.
The frilled lizard bites you but does no damage.
The rat closely misses you.
You thump the frilled lizard!
You kill the frilled lizard!
The rat barely misses you. You furiously retaliate!
You headbutt the rat.
You kill the rat!
You completely miss the hobgoblin. The hobgoblin hits you.
You die...

#.#.. #.... ##....
###....# ....#.(#
#....## #.#...##
###.#..g@#
#...##.#############
#..†#.#.#.#.#.#.#.
##.##..............
#..#......#.........
##.###.......#.......
#.g##.....#....#.....
#..?...##...........#...
##...###....#.#.#.#...#.


You could see a hobgoblin.

Vanquished Creatures
  An endoplasm (D:1)
  2 frilled lizards (D:1)
  A goblin (D:1)
  2 rats (D:1)
6 creatures vanquished.

Notes
Turn   | Place    | Note
-------+----------+-------------------------------------------
     0 | D:1      | Nedwor the Minotaur Gladiator began the quest for the Orb.
     0 | D:1      | Reached XP level 1. HP: 18/18 MP: 0/0
    46 | D:1      | Slain by a hobgoblin

Illustrated notes

Levels and vault maps discovered:
D:1:      co_arrival_square_in_a_square_in_a_square, layout_rooms,
          ebering_ecumenical_altar_petrified, serial_bayou_lagoon_a,
          minmay_surrounded

Action                     || total
---------------------------++-------
  Melee: Flail             ||    14
 Armour: Leather armour    ||    17
  Dodge: Dodged            ||     8

Table legend: (Time is in decaauts)
 A = Elapsed time spent in this place.
 B = Non-inter-level travel time spent in this place.
 C = Inter-level travel time spent in this place.
 D = Time resting spent in this place.
 E = Time spent auto-exploring this place.
 F = Levels seen in this place.
 G = Mean time per level.
                   A        B        C        D        E       F      G
               +--------+--------+--------+--------+--------+-----+--------+
         Total |     48 |     48 |      0 |      0 |     12 |   1 |   48.0 |
       Dungeon |     48 |     48 |      0 |      0 |     12 |   1 |   48.0 |
               +--------+--------+--------+--------+--------+-----+--------+

Top non-repeatable levels by time:
     D:1: 48 daAuts
